 Dungeon Crawl Stone Soup version 0.31-a0-229-g1fc7ce93e2 (webtiles) character file.

Game seed: 14285777432816891883

36 qw the Shooter (level 3, -2/29 HPs)
             Began as a Minotaur Hexslinger on July 6, 2023.
             Slain by Sigmund
             ... wielding a +3 heavy scythe
              (16 damage)
             ... on level 2 of the Dungeon.
             The game lasted 00:00:20 (660 turns).

qw the Shooter (Minotaur Hexslinger)                 Turns: 660, Time: 00:00:21

Health: -2/29      AC:  3    Str: 12    XL:     3   Next: 19%
Magic:  3/3        EV: 12    Int: 10    God:
Gold:   69         SH:  0    Dex: 14    Spells: 3/4 levels left

rFire   . . .        Y - +2 sling
rCold   . . .        (no shield)
rNeg    . . .        f - +0 leather armour
rPois   +            (helmet restricted)
rElec   .            (no cloak)
rCorr   .            (no gloves)
SInv    .            (no boots)
Will    .....        (no amulet)
Stlth   +            d - ring of poison resistance
HPRegen 0.24/turn    (no ring)
MPRegen 0.08/turn

%: no passive effects
@: no status effects
A: horns 2, retaliatory headbutt
a: no special abilities


You were on level 2 of the Dungeon.
You visited 1 branch of the dungeon, and saw 2 of its levels.

You collected 69 gold pieces.


Innate Abilities, Weirdness & Mutations

You have a pair of horns on your head.
You reflexively headbutt those who attack you in melee.


   Skills:
 - Level 2.0 Fighting
 + Level 3.8 Ranged Weapons
 - Level 2.1 Dodging
 - Level 1.0 Spellcasting
 - Level 2.0 Hexes


You had 3 spell levels left.
You knew the following spells:

 Your Spells              Type           Power      Damage    Failure   Level
a - Slow                  Hex            16%        N/A       19%         1

Your spell library contained the following spells:

 Spells                   Type           Power      Damage    Failure   Level
 Inner Flame              Hex/Fire       2%         N/A       65%         3
 Portal Projectile        Hex/Tloc       4%         N/A       65%         3
 Cause Fear               Hex            2%         N/A       88%         4

Inventory:

Hand Weapons
 Y - a +2 sling (weapon)
Armour
 f - a +0 leather armour (worn)
Jewellery
 d - a ring of poison resistance (left hand)
Scrolls
 a - a scroll of blinking {unknown}
 b - a scroll of identify
Potions
 c - 2 potions of lignification {unknown}
 i - a potion of attraction {unknown}

Dungeon Overview and Level Annotations

Branches:
Dungeon (2/15)

Altars:

Annotations:
D:2 Sigmund


Message History

Sigmund is moderately wounded.
You shoot a sling bullet. The sling bullet hits Sigmund!
Sigmund is heavily wounded.
Sigmund closely misses you.
You shoot a sling bullet. The sling bullet barely misses Sigmund.
The sling bullet hits the worm!
The worm is heavily wounded.
Sigmund closely misses you.
You shoot a sling bullet.
The sling bullet closely misses Sigmund.
The sling bullet hits the worm.
The worm is heavily wounded.
You shoot a sling bullet. The sling bullet hits Sigmund.
Sigmund is heavily wounded.
Sigmund misses you.
You shoot a sling bullet. The sling bullet barely misses Sigmund.
The sling bullet hits the worm.
The worm is severely wounded.
You shoot a sling bullet.
The sling bullet completely misses Sigmund.
The sling bullet hits the worm.
The worm is almost dead.
Sigmund hits you from afar with a +3 heavy scythe.
You shoot a sling bullet. The sling bullet hits Sigmund.
Sigmund is severely wounded.
You shoot a sling bullet. The sling bullet barely misses Sigmund.
The sling bullet barely misses the worm.
Sigmund completely misses you.
You shoot a sling bullet. The sling bullet barely misses Sigmund.
The sling bullet hits the worm.
The worm is almost dead.
You shoot a sling bullet.
The sling bullet closely misses Sigmund.
The sling bullet hits the worm.
You kill the worm!
Sigmund casts a spell at you. The puff of flame hits you!
Sigmund hits you from afar with a +3 heavy scythe!
Ouch! That really hurt!
You die...

....... ..... ..... ...
... #@# ..# #.# ...#
#######@########...#
...............+...+ ...
###........#####...##...
#.....................
#....%..................
#......####.............
#...... ####..........
#.....! #..........
#...... ##.........


You could see Sigmund.

Vanquished Creatures
  An adder (D:2)
  A worm (D:2)
  A dart slug (D:1)
  5 endoplasms
  A giant cockroach (D:1)
  2 goblins (D:1)
  A hobgoblin (D:1)
  8 ball pythons
  A bat (D:1)
  2 frilled lizards (D:1)
  A kobold (D:1)
  3 rats
27 creatures vanquished.

Notes
Turn   | Place    | Note
-------+----------+-------------------------------------------
     0 | D:1      | qw the Minotaur Hexslinger began the quest for the Orb.
     0 | D:1      | Reached XP level 1. HP: 16/16 MP: 1/1
     0 | D:1      | 0 ||| qw: Version: 0.3-a-46-gb1f654a
     0 | D:1      | 0 ||| qw: Game counter: 1447
     0 | D:1      | 0 ||| qw: Melee chars always use a shield: true
     0 | D:1      | 0 ||| qw: God list: Okawaru
     0 | D:1      | 0 ||| qw: Allow faded altars: false
     0 | D:1      | 0 ||| qw: Do Orc after clearing Dungeon:15 true
     0 | D:1      | 0 ||| qw: Do second Lair branch before Depths: true
     0 | D:1      | 0 ||| qw: Lair rune preference: random
     0 | D:1      | 0 ||| qw: Goals: Normal
     0 | D:1      | 0 ||| PLANNING D:1-11
   184 | D:1      | Reached skill level 3 in Ranged Weapons
   186 | D:1      | Reached XP level 2. HP: 14/23 MP: 2/2
   394 | D:1      | 394 ||| UPGRADING to +0 leather armour.
   404 | D:1      | 404 ||| DROPPING +0 robe.
   405 | D:1      | 405 ||| UPGRADING to ring of poison resistance.
   406 | D:1      | 406 ||| READING scroll labelled UBEAJEWNODIM.
   407 | D:1      | 407 ||| READING scroll labelled VEADOI RILORPH.
   410 | D:1      | 410 ||| READING scroll labelled LIYHULESCHY.
   411 | D:1      | 411 ||| READING scroll labelled KOTAIT VATZONAAG.
   412 | D:1      | 412 ||| DROPPING scroll of poison.
   528 | D:2      | Reached XP level 3. HP: 27/29 MP: 3/3
   649 | D:2      | Noticed Sigmund
   660 | D:2      | Slain by Sigmund

Levels and vault maps discovered:
D:1:      giann_forest_graveyard, layout_basic, st_stairs_9
D:2:      layout_basic, uniq_robin, uniq_sigmund

Skill      XL: |  1  2 |
---------------+-------+-----
Ranged Weapons | 3 |  3.8
Fighting       | 2 |  2.0
Dodging        | |  2.1
Spellcasting   | |  1.0
Hexes          | |  2.0

Action                     || total
---------------------------++-------
   Fire: Sling             ||    77
    Use: Scroll            ||     4
 Armour: Robe              ||     1
  Dodge: Dodged            ||    20

Table legend:
 A = Non-vault XP
 B = Vault XP
 C = Vault XP percentage of total XP
 D = Non-vault monster count
 E = Vault monster count
 F = Vault count percentage of total count
                 A         B        C        D         E       F
            +---------+---------+-------+---------+---------+-------
      Total |      53 |       4 |   7.0 |      23 |       4 |  14.8
            +---------+---------+-------+---------+---------+-------
        D:1 |      25 |       4 |  13.8 |      15 |       4 |  21.1
        D:2 |      28 |       0 |   0.0 |       8 |       0 |   0.0
            +---------+---------+-------+---------+---------+-------
